 Dungeon Crawl Stone Soup version 0.19.1 (webtiles) character file.

58 KingCrawl the Conjurer (level 3, -1/24 HPs)
             Began as a Demonspawn Fire Elementalist on Dec 26, 2016.
             Slain by Terence
             ... wielding a +2 short sword of holy wrath
              (2 damage)
             ... on level 2 of the Dungeon.
             The game lasted 00:06:54 (1257 turns).

KingCrawl the Conjurer (DsFE)                       Turns: 1257, Time: 00:07:02

Health: -1/24      AC:  2    Str:  6 (8)  XL:     3   Next: 75%
Magic:  2/6        EV: 12    Int: 14 (17) God:
Gold:   100        SH:  0    Dex: 14 (15) Spells: 1 memorised, 5 levels left

rFire  . . .     SeeInvis .     n - +1 dagger (speed)
rCold  . . .     Gourm    .     a - +0 robe
rNeg   . . .     Faith    .     (no shield)
rPois  .         Spirit   .     (helmet restricted)
rElec  .         Reflect  .     (no cloak)
rCorr  .         Harm     .     (no gloves)
MR     .....                    (no boots)
Stlth  ++........               (no amulet)
                                (no ring)
                                k - +2 ring of dexterity

@: no status effects
A: hooves 1, horns 1
a: no special abilities


You were on level 2 of the Dungeon.
You were not hungry.

You visited 1 branch of the dungeon, and saw 2 of its levels.

You collected 100 gold pieces.

Inventory:

Hand Weapons
 n - a +1 dagger of speed (weapon)
Armour
 a - a +0 robe (worn)
Jewellery
 k - a +2 ring of dexterity (left hand)
Scrolls
 f - a scroll of teleportation {unknown}
 g - 5 scrolls of identify {unknown}
 h - 2 scrolls of remove curse {unknown}
 i - a scroll of enchant armour {unknown}
 l - a scroll of blinking {unknown}
Potions
 j - a potion of might {unknown}
Books
 b - a book of Flames

   Spells                             Type                      Level
   a - Flame Tongue                   Conjuration/Fire             1
   b - Throw Flame                    Conjuration/Fire             2
   c - Conjure Flame                  Conjuration/Fire             3
   d - Inner Flame                    Hexes/Fire                   3
   e - Sticky Flame                   Conjuration/Fire             4
   f - Fireball                       Conjuration/Fire             5
Comestibles
 c - 2 bread rations


   Skills:
 - Level 1.7 Dodging
 - Level 1.7 Stealth
 - Level 2.0 Spellcasting
 + Level 3.7 Conjurations
 - Level 2.6 Fire Magic


You had 5 spell levels left.
You knew the following spells:

 Your Spells              Type           Power        Failure   Level  Hunger
a - Flame Tongue          Conj/Fire      ##...        10%         1    ##.....


Dungeon Overview and Level Annotations

Branches:
Dungeon (2/15)

Altars:
Yredelemnul

Annotations:
D:2 Terence


Innate Abilities, Weirdness & Mutations

You have large cloven feet.
You have a pair of small horns on your head.


Message History

Confirm with . or Enter, or press ? or * to list all spells.
Aiming: Flame Tongue
Press: ? - help, Shift-Dir - straight line, f/p - Terence
Aim: Terence, wielding a short sword of holy wrath and wearing a scale mail The flame tongue hits Terence.
Terence is heavily wounded.
Terence hits you with a short sword of holy wrath!
You convulse!
* * * LOW HITPOINT WARNING * * *
Terence looks scornfully at you.
Found a basalt altar of Yredelemnul.
Things that are here:
a dagger; a goblin skeleton It was a potion of degeneration.
There was something very wrong with that liquid.
You feel weakened.
You feel dopey.
You feel clumsy.
Terence hits you with a short sword of holy wrath.
* * * LOW HITPOINT WARNING * * *
You convulse.
You die...

#.####. #.### .g.....
#...
.g.....#####.######
#.....[.......#...###
#.######..#..........
#.....#.#.#.######.
#.##..#.#.#.......
#####@#...#.#.#.##..##
#.....@)#.#.#.#......#
#.###.#)#.#.#.# #....#
#.#<#.#.#.###....##
###.###.#.#..........
#....(#.# #..###....#
#.#.#.#.# #..# .....
#.#...#.. #..###.....
#.#########..........
#...........###....#.


You could see Terence.

Vanquished Creatures
  Robin (D:2)
  A gnoll (D:1)
  A worm (D:2)
  A leopard gecko (D:1)
  2 giant cockroaches
  13 goblins
  5 hobgoblins
  2 bats (D:1)
  2 frilled lizards (D:1)
  3 rats (D:1)
31 creatures vanquished.

Notes
Turn   | Place    | Note
-------+----------+-------------------------------------------
     0 | D:1      | KingCrawl the Demonspawn Fire Elementalist began the quest for the Orb.
     0 | D:1      | Reached XP level 1. HP: 13/13 MP: 3/3
   254 | D:1      | Reached skill level 2 in Conjurations
   255 | D:1      | Gained mutation: You have large cloven feet. [demonic ancestry]
   255 | D:1      | Reached XP level 2. HP: 17/19 MP: 3/5
   862 | D:2      | Noticed Robin
   872 | D:2      | Reached skill level 3 in Conjurations
   872 | D:2      | Gained mutation: You have a pair of small horns on your head. [demonic ancestry]
   872 | D:2      | Reached XP level 3. HP: 19/24 MP: 2/6
  1174 | D:2      | Killed Robin
  1234 | D:2      | Noticed Terence
  1247 | D:2      | Found a basalt altar of Yredelemnul.
  1257 | D:2      | HP: 1/24 [Terence/short sword of holy wrath (5)]
  1257 | D:2      | Slain by Terence

Skill      XL: |  1  2 |
---------------+-------+-----
Conjurations   | 2 3 |  3.7
Dodging        | |  1.7
Stealth        | |  1.7
Spellcasting   | |  2.0
Fire Magic     | |  2.6

Action                   || total
-------------------------++-------
Melee: Dagger            ||    37
       Kick              ||     5
       Headbutt          ||     5
 Cast: Flame Tongue      ||    40
  Use: Potion            ||     1
  Eat: Chunk             ||     2
Armor: Robe              ||     5
Dodge: Dodged            ||    29
